 Dungeon Crawl Stone Soup version 0.31-a0-844-gdc52ec4e09 (webtiles) character file.

Game seed: 11526546215083175720

83535 D12ThenQuit the Warrior (level 15, 111/111 HPs)
             Began as a Gargoyle Shapeshifter on Sept 30, 2023.
             Was an Initiate of Gozag.
             Got out of the dungeon alive.
             The game lasted 01:09:55 (25143 turns).

D12ThenQuit the Warrior (Gargoyle Shapeshifter)    Turns: 25143, Time: 01:09:55

Health: 111/111    AC: 42    Str: 21      XL:     15   Next: 77%
Magic:  15/15      EV:  9    Int:  9 (11) God:    Gozag
Gold:   1148       SH:  0    Dex: 18      Spells: 10/14 levels left

rFire   + +          .
                       - Unarmed
rCold   + . .        n - melded orb {*Rage}
rNeg    + . .        b - +15 Maxwell's patent armour {-Cast -Tele rElec Will+ rCorr}
rPois   ∞            S - +2 hat of the Bear Spirit {Spirit, Bear, *Rage Will++}
rElec   +            P - scarf {rC+ rF+}
rCorr   +            M - melded +2 pair of gloves {Dex+3}
SInv    .            a - +0 pair of boots
Will    ++++.        Z - amulet of Qogeta {Spirit rPois Regen+ Dex+3} Stlth
                     y - +4 ring of protection
HPRegen 1.18/turn    U - ring of protection from fire
MPRegen 0.14/turn

%: no teleportation, no spellcasting, random rage (20%), guardian spirit
@: blade hands, flying, studying Fighting
A: flying, sickness immunity, AC +11, big wings, negative energy resistance 1,
electricity resistance, torment resistance 1, petrification resistance, beak,
thin skeletal structure 1, MP-powered wands
a: Begin Untransformation, Renounce Religion, Potion Petition, Call Merchant,
Bribe Branch


You escaped.
You worshipped Gozag.
Gozag was most pleased with you.
You had blades for hands.
You visited 4 branches of the dungeon, and saw 20 of its levels.
You also visited: Sewer, Gauntlet, Ice Cave and Volcano.

You collected 7437 gold pieces.
You spent 4735 gold pieces at shops.
You paid 1554 gold pieces to Gozag.

Inventory:

Missiles
 g - 2 curare-tipped darts
Armour
 a - a +0 pair of boots (worn)
 b - the +15 Maxwell's patent armour (worn) {-Cast -Tele rElec Will+ rCorr}
   (You found it in an ice cave)

   rElec:     It insulates you from electricity.
   Will+:     It increases your willpower.
   -Cast:     It prevents spellcasting.
   -Tele:     It prevents most forms of teleportation.
   rCorr:     It protects you from acid and corrosion.
 e - a +0 hat of stealth
 f - a +1 plate armour of fire resistance
 n - an orb of wrath (melded)
 C - the +4 skin of Zhor {*Englaciate rC+++ SInv}
   (You found it in an ice cave)

   *Englaciate: It radiates cold, occasionally slowing all nearby creatures who
   are not resistant to cold.
   rC+++:     It renders you almost immune to cold.
   SInv:      It lets you see invisible.
 D - the +8 orange crystal plate armour {Archmagi, Int+3 Clar}
   (You bought it in a shop on level 2 of the Orcish Mines)

   Int+3:     It affects your intelligence (+3).
   Clar:      It protects you from confusion, rage, mesmerisation and fear.
 G - a +2 leather armour of poison resistance
 M - a +2 pair of gloves of dexterity (melded)
 P - a scarf of resistance (worn)
 S - the +2 hat of the Bear Spirit (worn) {Spirit, Bear, *Rage Will++}
   (You acquired it on level 12 of the Dungeon)

   Bear:      Going berserk makes the wearer exceptionally tough, and they are
   slowed for a shorter time afterward.
   Will++:    It greatly increases your willpower.
   *Rage:     It berserks you when you make melee attacks (+20% chance).
Jewellery
 r - a ring of fire
 y - a +4 ring of protection (left blade hand)
 z - a ring of flight
 I - a ring of positive energy
 O - a ring of see invisible
 U - a ring of protection from fire (right blade hand)
 W - a ring of ice
 Z - the amulet of Qogeta (around neck) {Spirit rPois Regen+ Dex+3}
   (You acquired it on level 12 of the Dungeon)

   [amulet of guardian spirit]

   Spirit:    It causes incoming damage to be divided between your reserves of
   health and magic.
   Dex+3:     It affects your dexterity (+3).
   rPois:     It protects you from poison Regen+: It increases your rate of
   health regeneration.
Talismans
 c - a beast talisman
 d - a flux talisman
 w - a blade talisman (active)
 Q - a serpent talisman
Wands
 p - a wand of flame (11)
 B - a wand of quicksilver (15)
 F - a wand of charming (8)
 K - a wand of mindburst (35)
 R - a wand of polymorph (6)
 T - a wand of digging (9)
 X - a wand of roots (7)
Scrolls
 h - 2 scrolls of blinking
 i - 2 scrolls of poison
 k - 9 scrolls of teleportation
 l - 4 scrolls of enchant weapon
 o - 7 scrolls of enchant armour
 t - 5 scrolls of fog
 u - 4 scrolls of noise
 A - 2 scrolls of amnesia
 E - 2 scrolls of fear
 J - 3 scrolls of immolation
 L - 2 scrolls of revelation
 V - 3 scrolls of vulnerability
Potions
 j - 7 potions of heal wounds
 m - 5 potions of might
 q - 2 potions of magic
 s - 2 potions of haste
 v - 4 potions of brilliance
 x - a potion of cancellation {unknown}
 H - a potion of ambrosia
 N - 3 potions of curing
 Y - 2 potions of invisibility


   Skills:
 + Level 19.1 Fighting
 + Level 12.3 Armour
 - Level 5.0 Dodging
 + Level 15.1 Unarmed Combat
 + Level 13.1 Shapeshifting


You had 10 spell levels left.
You knew the following spells:

 Your Spells              Type           Power      Damage    Failure   Level
a - Blink                 Tloc           0%         N/A       100%        2
b - Passwall              Tmut/Erth      0%         N/A       100%        2

Your spell library contained the following spells:

 Spells                   Type           Power      Damage    Failure   Level
 Sandblast                Erth           0%         2d4       99%         1
 Ensorcelled Hibernation  Hex/Ice        0%         N/A       100%        2
 Gell's Gravitas          Tloc           0%         N/A       100%        3
 Inner Flame              Hex/Fire       0%         N/A       100%        3
 Ozocubu's Armour         Ice            0%         N/A       100%        3
 Stone Arrow              Conj/Erth      0%         3d7       100%        3
 Swiftness                Air            0%         N/A       100%        3
 Teleport Other           Tloc           0%         N/A       100%        3
 Tukima's Dance           Hex            0%         N/A       100%        3
 Volatile Blastmotes      Fire/Tloc      0%         2d10      100%        3
 Animate Armour           Summ/Erth      0%         N/A       100%        4
 Brom's Barrelling Bould  Conj/Erth      0%         2d3       100%        4
 Dispel Undead            Necr           0%         3d6       100%        4
 Flame Wave               Conj/Fire      0%         2d4       100%        4
 Fulminant Prism          Conj/Hex       0%         3d5       100%        4
 Iskenderun's Mystic Bla  Conj/Tloc      0%         2d3       100%        4
 Manifold Assault         Tloc           0%         N/A       100%        4
 Olgreb's Toxic Radiance  Pois           0%         N/A       100%        4
 Sticky Flame             Conj/Fire      0%         2d3       100%        4
 Summon Lightning Spire   Summ/Air       0%         N/A       100%        4
 Borgnjor's Vile Clutch   Necr/Erth      0%         N/A       100%        5
 Lee's Rapid Deconstruct  Erth           0%         3d4*      100%        5
 Summon Forest            Summ/Tloc      0%         N/A       100%        5
 Yara's Violent Unravell  Hex/Tmut       0%         3d3       100%        5
 Death Channel            Necr           0%         N/A       100%        6
 Dispersal                Tloc           0%         N/A       100%        6
 Eringya's Noxious Bog    Tmut/Pois      0%         4d6       100%        6
 Ozocubu's Refrigeration  Ice            0%         4d7       100%        7
 Summon Hydra             Summ           0%         N/A       100%        7
 Discord                  Hex            0%         N/A       100%        8
 Ignition                 Fire           0%         3d3       100%        8
 Cigotuvi's Dreadful Rot  Necr/Pois/Air  Unusable   N/A       N/A         2
 Animate Dead             Necr           Unusable   N/A       N/A         4

Dungeon Overview and Level Annotations

Branches:
Dungeon (12/15)            Temple (1/1) D:4            Lair (5/5) D:8
  Swamp (0/4) Lair:2       Spider (0/4) Lair:3        Slime (0/5) Lair:5
    Orc (2/2) D:12            Elf (0/3) Orc:2         Sewer (visited)
  IceCv (visited)         Volcano (visited)         Gauntlet (visited)

Altars:
Ashenzari
Cheibriados
Dithmenos
Elyvilon
Fedhas
Gozag
Hepliaklqana
Kikubaaqudgha
Makhleb
Nemelex Xobeh
Okawaru
Qazlal
Ru
Sif Muna
Trog
Uskayaw
Vehumet
Wu Jian
Xom
Yredelemnul
Zin
The Shining One

Shops:
D:7 *   D:8 :   D:12 *   Orc:1 *   Orc:2 (=(*

Portals:
Abyss: D:9
Trove: D:12 (give 7 scrolls of fog)

Annotations:
D:5 3 runed translucent doors, Age's ghost, amateur MiHu
D:9 4 transporters, tinfoiltophat's ghost, journeyman DjFE
Lair:1 2 transporters, exclusion: ice statue, baller8008's ghost, journeyman DECj


Innate Abilities, Weirdness & Mutations

You have blades for hands.
You are flying.
You are incapable of wielding weapons or throwing items.
You are immune to sickness and miasma.
Your stone body is resilient. (AC +11)
You are immune to poison.
Your large and strong wings let you fly.
You resist negative energy. (rN+)
You are resistant to electric shocks. (rElec)
You are resistant to unholy torment.
You are immune to petrification.
You have a beak for a mouth.
You have a somewhat thin skeletal structure. (Dex +2, Stealth+)
You expend magic power (3 MP) to strengthen your wands.


Message History

There is a stone staircase leading up here.
You fly upwards.
There is a stone staircase leading down here.
There is a stone staircase leading up here.
You fly upwards.
Level annotation: 4 transporters, tinfoiltophat's ghost, journeyman DjFE
There is a stone staircase leading down here.
There is a stone staircase leading up here.
You fly upwards.
There is a stone staircase leading down here.
There is a stone staircase leading up here.
You fly upwards.
There is a stone staircase leading down here.
Things that are here:
a +0 chain mail; a +0 glaive
There is a stone staircase leading up here.
You fly upwards.
There is a stone staircase leading down here.
You see here a +0 dagger.
There is a stone staircase leading up here.
You fly upwards.
Level annotation: 3 runed translucent doors, Age's ghost, amateur MiHu
There is a stone staircase leading down here.
There is a stone staircase leading up here.
You fly upwards.
There is a stone staircase leading down here.
There is a stone staircase leading up here.
You fly upwards.
There is a stone staircase leading down here.
You see here 6 stones.
You see here a +0 dagger.
There is a stone staircase leading up here.
You fly upwards.
There is a stone staircase leading down here.
There is a stone staircase leading up here.
You fly upwards.
There is a stone staircase leading down here.
There is an open door here.
There is a staircase leading out of the dungeon here.
You have escaped!

##.######## ##..# ##.#.......#
##...# #########.###.####.#
##.#..##### #........##
##.###.####.###......
#.#######.###............#.....).
...........#....##.#####.........
..###############################
..# #........................ ..#
#.#####.@.#######..####.. ..#
#.####'...# ####..####.. #.#
####......)..####'##..##'#.. #.#
#..#.##'##.................. #.#
#.##.#####...........###'#.. #.#
#.##.# #...........# ###.. #.#
#.##.# #..####+....# #.. ..#
#.##.#####..#####....#####.. ###
#.##........................


There were no monsters in sight!

Vanquished Creatures
  Rupert (D:12)
  Gastronok (Lair:2)
  A reaper (IceCv)
  A minotaur (Gauntlet)
  Snorg (D:11)
  A fire dragon (Lair:5)
  The ghost of Kurtz the Cleaver, a journeyman OpFi of Gozag (Lair:3)
  A hydra (Lair:5)
  Fannar (Lair:1)
  Erolcha (Orc:2)
  Harold (D:9)
  A boulder beetle (Lair:5)
  A centaur warrior (D:10)
  3 two-headed ogres
  8 death yaks
  5 orc high priests (Orc:2)
  A skyshark (Lair:5)
  A sixfirhy (Gauntlet)
  A deep elf archer (Volcano)
  A bog body (Lair:2)
  A swamp dragon (Lair:5)
  7 orc knights (Orc:2)
  A wolf spider (Lair:5)
  3 deep elf pyromancers (Volcano)
  2 manticores
  A cyclops (D:11)
  17 elephants
  An ice statue (IceCv)
  A smoke demon (Gauntlet)
  6 black mambas
  21 cane toads
  An unseen horror (D:12)
  A gargoyle (D:11)
  Psyche (D:9)
  3 rime drakes
  12 komodo dragons
  A torpor snail (Lair:1)
  Jeremiah (D:9)
  2 anaconda simulacra (IceCv)
  An ice devil (IceCv)
  A red devil (Gauntlet)
  5 trolls
  10 polar bears
  A hornet (D:6)
  4 raiju (Lair:5)
  3 dream sheep (Lair:1)
  10 blink frogs
  2 shadows
  A vampire (D:12)
  6 wyverns
  2 wraiths
  44 yaks
  6 fire elementals (Volcano)
  2 basilisks (Lair:5)
  A chaos spawn (Gauntlet)
  4 death yak simulacra (IceCv)
  2 vampire mosquitoes (D:12)
  Menkaure (D:4)
  5 swamp worms
  3 acid dragons
  A harpy simulacrum (IceCv)
  7 wargs
  A hydra simulacrum (IceCv)
  17 hell hounds
  9 water moccasins
  5 swamp drakes
  32 orc warriors
  2 sky beasts (D:8)
  11 black bears (Lair:5)
  An ice beast (D:7)
  5 ogres
  10 centaurs
  22 wolves
  A phantom (D:5)
  3 kobold brigands
  17 bullfrogs
  5 two-headed ogre simulacra (IceCv)
  A scorpion (D:6)
  An elephant simulacrum (Lair:3)
  3 killer bees (D:10)
  2 howler monkeys
  2 crimson imps (Gauntlet)
  An electric eel (Lair:2)
  A jelly (D:6)
  26 orc priests
  2 gnoll boudas
  5 hounds
  5 iguanas
  Ijyb (D:5)
  17 orc wizards
  4 polar bear simulacra
  3 spriggan simulacra (IceCv)
  5 troll simulacra (IceCv)
  4 wolf simulacra
  12 gnolls
  14 adders
  5 naga simulacra (IceCv)
  6 river rats
  12 white imps
  7 ufetubi
  7 worms
  3 dart slugs
  76 orcs
  5 endoplasms
  3 giant cockroaches
  5 hobgoblins
  9 jackals
  16 kobolds
  2 quokkas
  6 ball pythons
  5 bats
  3 frilled lizards
  9 goblins
  10 rats
677 creatures vanquished.

Vanquished Creatures (collateral kills)
  3 deep elf pyromancers (Volcano)
  2 fire elementals (Volcano)
  Edmund (D:5)
  A hell hound (Volcano)
  A worm (D:4)
8 creatures vanquished.

Grand Total: 685 creatures vanquished

Notes
Turn   | Place    | Note
-------+----------+-------------------------------------------
     0 | D:1      | D12ThenQuit the Gargoyle Shapeshifter began the quest for
                  | the Orb.
     0 | D:1      | Reached XP level 1. HP: 12/12 MP: 1/1
   199 | D:1      | Reached XP level 2. HP: 14/16 MP: 2/2
   718 | D:2      | Reached XP level 3. HP: 16/20 MP: 3/3
  1381 | D:3      | Reached XP level 4. HP: 25/25 MP: 4/4
  1387 | D:3      | Found a glowing drain.
  1605 | Sewer    | Entered a sewer
  1767 | Sewer    | Reached XP level 5. HP: 29/29 MP: 5/5
  2143 | Sewer    | Noticed a kobold brigand
  2163 | Sewer    | Killed a kobold brigand
  2164 | Sewer    | Reached skill level 5 in Unarmed Combat
  2248 | Sewer    | Reached XP level 6. HP: 28/34 MP: 6/6
  3660 | D:4      | Found a glowing golden altar of the Shining One.
  3712 | D:4      | Reached XP level 7. HP: 36/38 MP: 7/7
  3724 | D:4      | Noticed Menkaure
  3731 | D:4      | Found a staircase to the Ecumenical Temple.
  3735 | D:4      | Killed Menkaure
  3749 | Temple   | Entered the Ecumenical Temple
  3753 | Temple   | Learned a level 2 spell: Blink
  3788 | Temple   | Became a worshipper of Gozag Ym Sagoz the Greedy
  4318 | D:5      | Entered Level 5 of the Dungeon
  4337 | D:5      | Noticed Ijyb
  4347 | D:5      | Killed Ijyb
  4348 | D:5      | Reached skill level 5 in Shapeshifting
  4585 | D:5      | Found a broken altar of Ashenzari.
  4642 | D:5      | Found a runed translucent gate.
  4642 | D:5      | Found a runed translucent gate.
  4642 | D:5      | Found a runed translucent gate.
  4655 | D:5      | Found a hazy altar of Hepliaklqana.
  4769 | D:5      | Noticed Edmund
  4791 | D:5      | Killed Edmund
  4792 | D:5      | Reached XP level 8. HP: 38/43 MP: 8/8
  5000 | D:5      | Noticed Age's ghost (amateur MiHu)
  5087 | D:6      | Noticed a hornet
  5107 | D:6      | Killed a hornet
  5875 | D:6      | Found a radiant altar of Vehumet.
  5881 | D:6      | Found an ancient bone altar of Kikubaaqudgha.
  5884 | D:6      | Found a stormy altar of Qazlal.
  6051 | D:7      | Found Anwimmit's Overcharged Wands.
  6121 | D:7      | Reached skill level 6 in Fighting
  6121 | D:7      | Reached skill level 5 in Dodging
  6121 | D:7      | Reached skill level 10 in Unarmed Combat
  6121 | D:7      | Reached XP level 9. HP: 56/56 MP: 9/9
  6221 | D:7      | Reached XP level 10. HP: 55/61 MP: 10/10
  6714 | D:8      | Found a sparkling altar of Nemelex Xobeh.
  6840 | D:8      | Noticed a death yak
  6856 | D:8      | Noticed a death yak
  6857 | D:8      | Noticed a death yak
  6857 | D:8      | Noticed a death yak
  6915 | D:7      | Killed a death yak
  7000 | D:8      | Killed a death yak
  7176 | D:8      | Noticed a two-headed ogre
  7198 | D:8      | Killed a two-headed ogre
  7265 | D:8      | Found Cenasu's Book Emporium.
  7273 | D:8      | Bought a book of Burglary for 220 gold pieces
  7276 | D:8      | Learned a level 2 spell: Passwall
  7278 | D:8      | Found a staircase to the Lair.
  7352 | D:8      | Found a bloodstained altar of Trog.
  7370 | D:8      | Found a snail-covered altar of Cheibriados.
  7673 | D:9      | Noticed a skeletal warrior
  7673 | D:9      | Noticed tinfoiltophat's ghost (journeyman DjFE)
  7673 | D:9      | Found a one-way gate to the infinite horrors of the Abyss.
  7688 | D:9      | Found a transporter.
  7792 | D:9      | Noticed Harold
  7810 | D:9      | Killed Harold
  7811 | D:9      | Reached XP level 11. HP: 40/65 MP: 11/11
  7835 | D:9      | Noticed Psyche
  7950 | D:9      | a dream sheep changed into a moth of wrath
  7950 | D:9      | Noticed a moth of wrath (shapeshifter)
  8121 | D:9      | Found a transporter.
  8121 | D:9      | Found a transporter.
  8125 | D:9      | Found a transporter.
  8125 | D:9      | Found a transporter.
  8170 | D:9      | Noticed a shining eye
  8176 | D:9      | Found a transporter.
  8250 | D:9      | Noticed a rakshasa
  8441 | D:9      | Noticed Jeremiah
  8459 | D:9      | Killed Jeremiah
  8686 | D:9      | Noticed a glowing orange brain
  8926 | D:9      | Killed Psyche
  8927 | D:9      | Reached skill level 7 in Fighting
  9038 | D:10     | Entered Level 10 of the Dungeon
  9038 | D:10     | Found an iron altar of Okawaru.
  9375 | D:10     | Noticed a two-headed ogre
  9388 | D:10     | Killed a two-headed ogre
  9389 | D:10     | Reached skill level 8 in Fighting
  9659 | D:10     | Noticed a centaur warrior
  9674 | D:10     | Killed a centaur warrior
  9675 | D:10     | Reached skill level 9 in Fighting
 10373 | D:11     | Found the +4 robe of Augmentation {Str+4 Int+4 Dex+4}
 10552 | D:11     | Noticed Snorg
 10559 | D:11     | Gained mutation: You possess an exceptional clarity of
                  | mind. [potion of mutation]
 10559 | D:11     | Gained mutation: You have hidden genetic defects. [potion
                  | of mutation]
 10559 | D:11     | Gained mutation: Your body sometimes deteriorates upon
                  | taking damage. [potion of mutation]
 10560 | D:11     | Lost mutation: Your body sometimes deteriorates upon taking
                  | damage. [potion of mutation]
 10560 | D:11     | Lost mutation: You have hidden genetic defects. [potion of
                  | mutation]
 10560 | D:11     | Gained mutation: You are dopey. (Int -2) [potion of
                  | mutation]
 10560 | D:11     | Gained mutation: You passively map a small area around you.
                  | [potion of mutation]
 10718 | Lair:1   | Entered Level 1 of the Lair of Beasts
 10743 | D:8      | Reached skill level 10 in Fighting
 10943 | D:8      | Lost mutation: You possess an exceptional clarity of mind.
                  | [potion of mutation]
 10943 | D:8      | Lost mutation: You passively map a small area around you.
                  | [potion of mutation]
 10943 | D:8      | Lost mutation: You are dopey. (Int -2) [potion of mutation]
 10943 | D:8      | Gained mutation: You have hidden genetic potential. [potion
                  | of mutation]
 10943 | D:8      | Gained mutation: You have a somewhat thin skeletal
                  | structure. (Dex +2, Stealth+) [potion of mutation]
 11123 | Lair:1   | Reached XP level 12. HP: 51/78 MP: 12/12
 11171 | Lair:1   | Found a dark tunnel.
 11248 | Volcano  | Entered a volcano
 11443 | Volcano  | Reached skill level 11 in Fighting
 11838 | Lair:1   | Noticed a skyshark
 12082 | Lair:1   | Noticed Fannar
 12095 | Lair:1   | Killed Fannar
 12096 | Lair:1   | Reached skill level 12 in Fighting
 12097 | Lair:1   | Gained mutation: You have a beak for a mouth. [hidden
                  | potential]
 12216 | Lair:1   | Noticed a boulder beetle
 12251 | Lair:1   | Found a transporter.
 12264 | Lair:1   | Found a transporter.
 12402 | Lair:1   | Noticed baller8008's ghost (journeyman DECj)
 13011 | Lair:2   | Noticed Gastronok
 13033 | Lair:2   | Killed Gastronok
 13034 | Lair:2   | Reached XP level 13. HP: 49/87 MP: 13/13
 13115 | Lair:2   | Found a gate leading to a gauntlet.
 13124 | Gauntlet | Entered a Gauntlet
 13124 | Gauntlet | Found a transporter.
 13124 | Gauntlet | Found a transporter.
 13124 | Gauntlet | Found a transporter.
 13188 | Gauntlet | Found a transporter.
 13191 | Gauntlet | Found a transporter.
 13200 | Gauntlet | Noticed a reaper
 13207 | Gauntlet | Found a transporter.
 13208 | Gauntlet | Found a transporter.
 13267 | Gauntlet | Found a transporter.
 13283 | Gauntlet | Found a transporter.
 13292 | Gauntlet | Found a transporter.
 13302 | Gauntlet | Found a transporter.
 13317 | Gauntlet | Found a transporter.
 13755 | Gauntlet | Identified the amulet "Fazxann" {Acrobat rC+}
 13860 | Gauntlet | Noticed a minotaur
 13872 | Gauntlet | Killed a minotaur
 13880 | Gauntlet | Identified the +1 leather armour of Sif Muna's Hatred
                  | {Rampage *Slow rPois rN+}
 13880 | Gauntlet | Identified the +5 mace of Vusilaal {holy, Fragile rN+ SInv
                  | Stlth+}
 13886 | Gauntlet | Identified the +5 dagger of the Living God {heavy, rN+
                  | Int+2}
 13887 | Gauntlet | Got an embossed book
 13954 | Lair:2   | Reached skill level 5 in Armour
 14062 | Lair:2   | Found a staircase to the Swamp.
 14365 | Lair:2   | Identified 2 scrolls of acquirement
 14366 | Lair:2   | Acquired the +3 warlock's mirror {omnireflect}
 14366 | Lair:2   | Found the +3 warlock's mirror {omnireflect}
 14371 | Lair:2   | Acquired a manual of Fighting
 14936 | Lair:2   | Reached skill level 13 in Fighting
 15017 | Lair:3   | Found a frozen archway.
 15060 | IceCv    | Entered an ice cave
 15179 | IceCv    | Gained mutation: You expend magic power (3 MP) to
                  | strengthen your wands. [hidden potential]
 15179 | IceCv    | Lost mutation: You have hidden genetic potential. [hidden
                  | potential expressed]
 15800 | IceCv    | Found the +15 Maxwell's patent armour {-Cast -Tele rElec
                  | Will+ rCorr}
 16028 | IceCv    | Noticed a reaper
 16041 | IceCv    | Killed a reaper
 16194 | IceCv    | Found the +4 skin of Zhor {*Englaciate rC+++ SInv}
 16598 | Lair:3   | Reached skill level 14 in Fighting
 16717 | Lair:3   | Found a hole to the Spider Nest.
 17047 | Lair:3   | Found a large runed translucent door.
 17047 | Lair:3   | Found a large runed translucent door.
 17051 | Lair:3   | Noticed Kurtz's ghost (journeyman OpFi)
 17506 | Lair:4   | Reached skill level 10 in Shapeshifting
 17685 | Lair:4   | Reached skill level 15 in Fighting
 17685 | Lair:4   | Gained mutation: Your large and strong wings let you fly.
                  | [Gargoyle growth]
 17685 | Lair:4   | Reached XP level 14. HP: 83/98 MP: 14/14
 18374 | Lair:5   | Entered Level 5 of the Lair of Beasts
 18394 | Lair:5   | Found a glowing silver altar of Zin.
 18567 | Lair:5   | Reached skill level 16 in Fighting
 18879 | Lair:5   | Found a staircase to the Slime Pits.
 18980 | Lair:5   | Reached skill level 10 in Armour
 19598 | Lair:5   | Reached skill level 17 in Fighting
 20207 | Lair:5   | Reached XP level 15. HP: 107/107 MP: 15/15
 20958 | D:11     | Reached skill level 18 in Fighting
 21299 | D:11     | Killed Snorg
 21452 | D:12     | Found a portal to a secret trove of treasure.
 21459 | D:12     | Acquired the amulet of Qogeta {Spirit rPois Regen+ Dex+3}
 21535 | D:12     | Noticed Rupert
 21544 | D:12     | Killed Rupert
 21689 | D:12     | Found Zin's Purification Station.
 21694 | D:12     | Found a glowing silver altar of Zin.
 21924 | D:12     | Found a staircase to the Orcish Mines.
 22250 | Lair:3   | Killed Kurtz's ghost
 22525 | D:12     | Acquired the +2 hat of the Bear Spirit {Spirit, Bear, *Rage
                  | Will++}
 22525 | D:12     | Found the +2 hat of the Bear Spirit {Spirit, Bear, *Rage
                  | Will++}
 22917 | Orc:1    | Entered Level 1 of the Orcish Mines
 22985 | Orc:1    | Found Betilew's General Store.
 22994 | Orc:1    | Bought a ring of see invisible for 180 gold pieces
 23415 | Orc:2    | Entered Level 2 of the Orcish Mines
 23455 | Orc:2    | Noticed Erolcha
 23467 | Orc:2    | Killed Erolcha
 24116 | Orc:2    | Found a staircase to the Elven Halls.
 24357 | Orc:2    | Reached skill level 15 in Unarmed Combat
 24377 | Orc:2    | Reached skill level 19 in Fighting
 24535 | Orc:2    | Found Qitzox's Weapon Shoppe.
 24535 | Orc:2    | Found Voism's Assorted Antiques.
 24536 | Orc:2    | Found Sulic's Jewellery Emporium.
 24536 | Orc:2    | Found Orotuat's Weapon Shoppe.
 24785 | Orc:2    | Bought the +8 orange crystal plate armour {Archmagi, Int+3
                  | Clar} for 4335 gold pieces
 24785 | Orc:2    | Found the +8 orange crystal plate armour {Archmagi, Int+3
                  | Clar}
 25143 | D:$      | Got out of the dungeon alive.

Illustrated notes

Levels and vault maps discovered:
D:1:      shiori_angband_town, layout_loops_ring
D:2:      layout_loops_ring
D:3:      layout_rooms, portal_sewer_entry_a
D:4:      layout_basic, lemuel_doored_altar, minmay_temple_entry_offerings,
          serial_glass, glass_columns_b, glass_columns_a, feat_on_display,
          minmay_strange_pillars, uniq_menkaure
D:5:      layout_cave_pools, lemuel_coloured_pillars_altar,
          mainiacjoe_overflow_concentric_impassable, gammafunk_ghost_icy,
          uniq_ijyb, uniq_edmund
D:6:      layout_basic, minmay_overflow_temple_star_quad
D:7:      layout_basic, chequers_mini_garden, hex_tiny,
          nicolae_shop_overcharged_wands
D:8:      layout_loops_cross, general_overflow_altar,
          mainiacjoe_overflow_alcove_1, mainiacjoe_overflow_brackets,
          dpeg_lair_monsters, serial_shops, shop
D:9:      layout_loops_ring, gammafunk_ghost_abyssal_escape,
          nicolae_diode_quadrants, uniq_jeremiah, uniq_psyche, uniq_harold
D:10:     layout_basic, overflow_temple_1_default
D:11:     layout_irregular_city, uniq_snorg
D:12:     layout_stronghold, erik_orc_1, enter_trove_3, zin_purify, uniq_rupert
Temple:   nicolae_temple_x_marks_the_god
Lair:1:   layout_regular_city, enter_volcano_3, nzn_ghost_randoct, uniq_fannar
Lair:2:   layout_roguey, nicolae_swamp_entry_splash_gauntlet,
          gauntlet_entry_generic, dreamdust_deal_with_the_devil, uniq_gastronok
Lair:3:   layout_cellular_growth, spider_nest_entry_web_field,
          portal_ice_cave_entry_ice_simulacra, ebering_ghost_disaster_area,
          serial_bayou_pond_d
Lair:4:   layout_gridlike, beast_lair_carwin_1, infiniplex_staircase_pool_2
Lair:5:   hangedman_lair_caniforms_friends, layout_layer_cave,
          guppyfry_lair_end_dragon, slime_entry_1, basic_altar
Orc:1:    layout_diamond_mine, serial_shops, shop
Orc:2:    st_orc_pillars, layout_caves, uniq_erolcha

Skill      XL: |  1  2  3  4  5  6  7  8  9 10 11 12 13 14 15 |
---------------+----------------------------------------------+-----
Shapeshifting  | 3 4 5 7 8 10 12 13 | 13.1
Unarmed Combat | 4 5 7 10 12 13 14 15 | 15.1
Fighting       | 6 10 12 15 17 19 | 19.1
Dodging        | 5 |  5.0
Armour         | 2 8 11 12 | 12.3

Action                     |  1- 3 |  4- 6 |  7- 9 | 10-12 | 13-15 || total
---------------------------+-------+-------+-------+-------+-------++-------
  Melee: Unarmed           |   102 |   208 |   150 |   502 |  1184 ||  2146
         Punch             |     2 |       |       |       |    72 ||    74
         Peck              |       |       |       |    17 |   282 ||   299
 Invoke: Potion Petition   |       |       |       |     1 |     2 ||     3
  Evoke: Wand              |       |       |       |     8 |     5 ||    13
    Use: Scroll            |       |     6 |     5 |    12 |    12 ||    35
         Potion            |       |     1 |     1 |    11 |       ||    13
   Stab: Distracted        |     1 |       |     1 |     1 |     8 ||    11
         Invisible         |       |       |       |       |     2 ||     2
         Confused          |       |       |       |       |     1 ||     1
 Armour: Animal skin       |    49 |   113 |     9 |       |       ||   171
         Leather armour    |       |       |    71 |   336 |    32 ||   439
         Skin              |       |       |       |     2 |       ||     2
         Plate armour      |       |       |       |       |   833 ||   833
  Dodge: Dodged            |    52 |   100 |    54 |   292 |   409 ||   907
   Form: Flux              |       |       |     1 |       |     2 ||     3
         Beast             |       |       |       |     1 |       ||     1
         Blade             |       |       |       |       |     4 ||     4
         Anaconda          |       |       |       |       |     1 ||     1
         Dragon            |       |       |       |       |     1 ||     1

Table legend: (Time is in decaauts)
 A = Elapsed time spent in this place.
 B = Non-inter-level travel time spent in this place.
 C = Inter-level travel time spent in this place.
 D = Time resting spent in this place.
 E = Time spent auto-exploring this place.
 F = Levels seen in this place.
 G = Mean time per level.
                   A        B        C        D        E       F      G
               +--------+--------+--------+--------+--------+-----+--------+
         Total |  25513 |  23585 |   1928 |   4233 |  11360 |  24 | 1063.0 |
       Dungeon |  12557 |  11224 |   1333 |   2293 |   5373 |  12 | 1046.4 |
        Temple |     53 |     44 |      9 |      0 |      0 |   1 |   53.0 |
          Lair |   7082 |   6719 |    363 |    764 |   3855 |   5 | 1416.4 |
  Orcish Mines |   1984 |   1762 |    222 |     62 |   1013 |   2 |  992.0 |
         Sewer |   1237 |   1237 |      0 |    376 |    455 |   1 | 1237.0 |
      Ice Cave |   1351 |   1351 |      0 |    300 |    480 |   1 | 1351.0 |
       Volcano |    483 |    483 |      0 |    218 |     30 |   1 |  483.0 |
      Gauntlet |    763 |    763 |      0 |    218 |    153 |   1 |  763.0 |
               +--------+--------+--------+--------+--------+-----+--------+

Top non-repeatable levels by time:
  Lair:5: 2157 daAuts
   Orc:2: 1458 daAuts
  Lair:2: 1416 daAuts
     D:9: 1405 daAuts
     D:8: 1389 daAuts
   IceCv: 1351 daAuts
  Lair:1: 1340 daAuts
    D:12: 1277 daAuts
   Sewer: 1237 daAuts
    D:11: 1191 daAuts
    D:10: 1190 daAuts
     D:4: 1139 daAuts
  Lair:3: 1123 daAuts
  Lair:4: 1044 daAuts
     D:6: 1043 daAuts
